Map: Erneuter Aufruhr LE

Players

Grizzly - Winner!

  • Race: Terran Terran
  • League: Diamond
  • Spawn Location: 1:00

Drake

  • Race: Zerg Zerg
  • League: Diamond
  • Spawn Location: 7:00

VOD

Have the link to the VOD?

Description

Time

  • Played on: April 6, 2019, 5:16 p.m.
  • Length: 26:07
Show
View Real Time Build Order
Export as new Build Order

Grizzly Terran - Winner!

Build Orders: Mech 

Get SALT Encoding   

  12  0:02  SCV  
  14  0:14  SCV  
  14  0:18  Supply Depot  
  14  0:26  SCV  
  15  0:30  Refinery  
  15  0:40  SCV  
  16  0:45  Barracks  
  16  0:52  SCV  
  17  1:04  SCV  
  17  1:05  Refinery  
  18  1:16  SCV  
  19  1:28  SCV  
  20  1:34  Supply Depot  
  20  1:38  Marine  
  21  1:40  SCV  
  22  1:48  Factory  
  22  1:52  SCV  
  23  1:56  Marine  
  24  2:05  SCV  
  25  2:17  SCV  
  26  2:26  Barracks Reactor  
  26  2:32  Factory Tech Lab  
  26  2:33  Supply Depot  
  26  2:34  Factory  
  26  2:43  SCV  
  27  3:01  Siege Tank  
  27  3:04  Marine x2  
  30  3:13  SCV  
  31  3:25  SCV  
  32  3:32  Command Center  
  32  3:34  Siege Tank  
  35  3:46  SCV  
  36  3:48  Supply Depot  
  38  3:55  Hellion  
  38  4:12  Siege Tank  
  38  4:14  Supply Depot  
  43  4:18  Hellion  
  43  4:19  Hellion  
  45  4:25  SCV  
  46  4:39  Hellion  
  46  4:40  Hellion  
  46  4:44  Hellion  
  52  4:49  SCV  
  53  4:57  Supply Depot  
  53  5:01  SCV, Hellion  
  53  5:02  Hellion  
  53  5:06  Hellion  
  60  5:13  SCV  
  61  5:14  Infernal Pre-Igniter  
  61  5:17  SCV  
  62  5:26  SCV  
  66  5:28  Siege Tank  
  66  5:29  SCV  
  67  5:37  Supply Depot  
  49  6:13  Siege Tank  
  49  6:14  Hellion x2  
  49  6:16  SCV x2  
  58  6:18  Supply Depot  
  58  6:27  Refinery  
  58  6:28  SCV x2, Refinery  
  58  6:30  Factory  
  60  6:35  Hellion x2  
  64  6:40  SCV x2  
  64  6:45  Cyclone, Mag-Field Accelerator  
  69  6:48  Supply Depot  
  69  6:56  Hellion  
  69  6:57  SCV, Hellion  
  69  6:58  SCV  
  75  7:09  SCV  
  75  7:10  SCV  
  77  7:15  Factory Tech Lab  
  77  7:17  Cyclone  
  77  7:18  Hellion x2  
  77  7:21  SCV  
  85  7:27  Supply Depot, Factory  
  85  7:33  Orbital Command x2  
  85  7:39  Hellion x2  
  89  7:47  Cyclone  
  89  7:49  Cyclone  
  95  7:57  Supply Depot  
  95  8:01  Hellion x2  
  95  8:02  Armory x2  
  99  8:08  SCV x2  
  101  8:15  Factory Tech Lab  
  101  8:19  Cyclone  
  104  8:21  Cyclone  
  104  8:24  Starport  
  107  8:27  SCV x2  
  107  8:33  Supply Depot  
  109  8:37  Hellion x2  
  113  8:43  Cyclone  
  116  8:52  Supply Depot  
  116  8:54  Terran Vehicle Weapons Level 1, Terran Vehicle And Ship Armor Level 1  
  116  8:58  Hellion x2  
  108  9:28  Cyclone x2  
  108  9:29  Cyclone  
  108  9:30  Hellion x2  
  121  9:36  Starport Reactor  
  121  9:38  Command Center  
  121  9:51  Hellion x2  
  125  10:00  Cyclone x2  
  125  10:01  Cyclone  
  134  10:10  Refinery  
  134  10:13  Refinery  
  134  10:21  Supply Depot x3  
  134  10:23  Supply Depot  
  134  10:42  Siege Tank x3  
  147  10:43  Hellbat x2  
  147  10:44  Supply Depot  
  147  10:45  Supply Depot  
  147  10:46  Supply Depot  
  147  10:49  Terran Ship Weapons Level 1  
  145  11:20  Supply Depot x2  
  145  11:21  Supply Depot  
  145  11:26  Siege Tank x3  
  145  11:32  Orbital Command  
  154  11:49  Supply Depot  
  154  11:56  SCV x2  
  154  11:58  SCV  
  157  12:08  SCV x2  
  157  12:10  SCV  
  153  12:20  SCV  
  153  12:21  SCV  
  156  12:22  SCV  
  156  12:30  Engineering Bay  
  156  12:33  SCV x2  
  156  12:34  SCV  
  144  13:02  Supply Depot  
  144  13:03  SCV x3  
  147  13:15  SCV  
  148  13:26  Sensor Tower  
  148  13:27  Sensor Tower  
  148  13:29  Siege Tank x3  
  157  13:36  Viking x2  
  161  13:45  Terran Vehicle And Ship Armor Level 2, Terran Vehicle Weapons Level 2  
  161  13:49  Command Center  
  161  13:52  Factory  
  161  13:59  Hellion x14  
  161  14:05  Viking  
  161  14:06  Viking  
  165  14:18  Liberator x2  
  165  14:21  Starport  
  165  14:25  Refinery  
  165  14:28  Refinery  
  128  15:33  Siege Tank x2  
  128  15:34  Siege Tank  
  116  15:55  Hellbat x2  
  116  15:56  Starport Tech Lab  
  120  15:57  Factory Tech Lab  
  120  16:05  Cyclone x2  
  120  16:06  Cyclone  
  129  16:17  Hellbat x2  
  124  16:33  Liberator x3  
  104  16:53  Cyclone x4  
  125  16:58  Hellbat x2  
  125  17:00  Orbital Command  
  129  17:12  Supply Depot  
  129  17:13  Supply Depot  
  129  17:16  Liberator x3  
  129  17:18  Terran Ship Weapons Level 2  
  129  17:19  Hellbat x2  
  129  17:20  Terran Vehicle And Ship Armor Level 3  
  133  17:25  Cyclone x4  
  145  17:36  Supply Depot  
  154  17:38  Supply Depot  
  154  17:40  Hellbat  
  154  17:41  Supply Depot x2, Hellbat  
  170  18:02  Hellbat x2  
  171  18:14  Cyclone x2  
  171  18:15  Cyclone  
  171  18:16  Viking x3, Cyclone  
  146  18:37  Starport  
  124  18:44  Starport  
  124  18:46  Viking x2, Cyclone x2  
  124  18:47  Cyclone  
  127  18:48  Cyclone  
  101  19:11  Viking  
  101  19:16  Viking x2  
  99  19:17  Hellbat  
  99  19:18  Cyclone, Hellbat  
  99  19:19  Cyclone x2  
  99  19:20  Cyclone  
  103  19:35  Starport Reactor  
  103  19:36  Starport Reactor  
  103  19:38  Terran Ship Weapons Level 3  
  103  19:39  Hellbat x2  
  103  19:40  Supply Depot  
  103  19:41  Viking  
  103  19:42  Supply Depot  
  109  19:56  Cyclone x2  
  109  19:57  Terran Vehicle Weapons Level 3, Cyclone x2  
  121  20:00  Hellbat x2  
  121  20:04  Supply Depot  
  125  20:17  Viking x2  
  125  20:18  Viking x3  
  135  20:22  Hellbat x2  
  139  20:29  Hellbat x4  
  147  20:43  Hellbat x2  
  101  20:58  Viking x4  
  101  20:59  Viking  
  76  21:23  Command Center  
  66  21:34  Hellbat x5  
  66  21:35  Hellbat  
  76  21:55  Hellbat x2  
  76  21:56  Hellbat x4  
  76  21:58  Viking x3  
  76  21:59  Viking  
  96  22:01  Refinery  
  96  22:02  Refinery  
  96  22:17  Hellion x15, Hellbat x4  
  104  22:33  Hellbat x2  
  103  23:02  Viking x5  
  103  23:04  Hellbat  
  103  23:05  Hellbat x5  
  119  23:14  Smart Servos  
  119  23:26  Hellbat x5  
  129  23:35  Viking x3  
  129  23:39  SCV x3  
  138  23:50  Orbital Command  
  138  23:51  SCV x2  
  140  24:15  Cyclone  
  140  24:16  Cyclone x3  
  121  24:59  Hellbat x6  
  133  25:01  Viking x2  
  133  25:02  Viking x4  
  139  25:20  Hellbat x4  
  139  25:21  Hellbat x2  
Show
View Real Time Build Order
Export as new Build Order

Drake Zerg 

Build Orders: Hatch First 

Get SALT Encoding   

  12  0:01  Drone  
  13  0:12  Overlord  
  13  0:17  Drone  
  14  0:31  Drone x2  
  16  0:37  Drone  
  17  0:54  Drone  
  18  0:57  Drone, Hatchery  
  18  1:10  Extractor  
  17  1:13  Spawning Pool  
  17  1:15  Drone  
  17  1:19  Drone  
  18  1:28  Drone  
  19  1:39  Overlord  
  19  2:00  Zergling x2  
  19  2:01  Zergling x2  
  21  2:05  Queen  
  23  2:10  Queen, Zergling x2  
  26  2:17  Metabolic Boost  
  26  2:31  Drone x2, Hatchery  
  27  2:37  Drone x2  
  27  2:40  Drone  
  30  2:46  Overlord  
  30  2:59  Overlord  
  30  3:01  Overlord  
  30  3:19  Roach Warren  
  29  3:20  Extractor, Drone x2  
  29  3:21  Drone x4  
  33  3:34  Drone x2  
  33  3:36  Drone  
  33  3:37  Drone x2  
  38  3:42  Lair  
  38  3:49  Drone x3  
  38  3:50  Drone  
  38  3:51  Drone  
  43  3:56  Queen  
  43  4:01  Roach  
  47  4:05  Drone  
  47  4:07  Overlord  
  47  4:08  Roach  
  50  4:18  Roach x2  
  54  4:27  Drone x2, Evolution Chamber  
  54  4:28  Evolution Chamber  
  54  4:38  Drone  
  54  4:39  Extractor  
  54  4:40  Drone x3  
  54  4:41  Drone  
  54  4:42  Drone x6  
  63  4:46  Queen  
  65  4:55  Glial Reconstitution  
  65  4:56  Overlord  
  65  4:57  Overlord  
  65  5:04  Overlord  
  65  5:14  Hydralisk Den, Drone  
  65  5:16  Zerg Missile Weapons Level 1  
  65  5:18  Roach  
  65  5:19  Roach  
  69  5:24  Drone x2  
  69  5:25  Drone x7  
  78  5:34  Overseer  
  78  5:37  Overseer  
  61  6:14  Drone  
  61  6:15  Drone x5  
  61  6:16  Drone  
  68  6:27  Drone x3  
  68  6:28  Drone x7  
  68  6:31  Zerg Ground Armor Level 1  
  68  6:32  Roach  
  84  6:33  Roach x2  
  84  6:36  Overlord, Grooved Spines  
  84  7:07  Hydralisk x7  
  84  7:08  Spore Crawler  
  97  7:12  Infestation Pit, Drone  
  97  7:16  Extractor  
  97  7:18  Drone x2  
  97  7:20  Extractor, Drone, Overlord x2  
  98  7:25  Zerg Missile Weapons Level 2  
  98  7:47  Drone x2  
  98  7:48  Drone x2  
  98  7:49  Drone, Overlord  
  98  7:50  Overlord  
  103  7:54  Hive, Hydralisk  
  103  7:55  Hydralisk  
  103  7:57  Drone x3  
  110  8:24  Ravager x3  
  110  8:25  Ravager  
  110  8:26  Roach  
  118  8:27  Roach  
  118  8:34  Drone  
  118  8:35  Extractor  
  118  8:36  Drone x3  
  118  8:40  Extractor x2, Hatchery  
  118  8:43  Roach  
  118  8:44  Roach x5  
  118  8:48  Muscular Augments  
  130  8:50  Overlord  
  130  8:51  Overlord  
  106  9:32  Roach x13  
  106  9:33  Roach x2  
  106  9:37  Zerg Ground Armor Level 2  
  136  9:43  Drone x3  
  139  9:45  Queen x2  
  139  9:46  Queen  
  146  9:52  Drone  
  146  9:53  Drone x2  
  148  10:10  Drone x3  
  151  10:24  Extractor x2, Hatchery  
  151  10:25  Drone x3  
  151  10:26  Drone  
  151  10:28  Overlord x3  
  152  10:29  Overlord x3  
  152  10:32  Zerg Missile Weapons Level 3  
  152  10:38  Spire  
  152  10:39  Drone  
  150  11:33  Hydralisk x3  
  150  11:34  Hydralisk x10  
  150  11:36  Ravager  
  150  11:37  Ravager x6  
  150  11:38  Ravager x5  
  150  11:39  Overlord  
  188  11:40  Overlord  
  188  11:42  Overlord x2  
  188  11:52  Drone x3  
  188  11:53  Drone  
  192  11:54  Drone x3  
  192  11:55  Drone x3  
  192  11:59  Drone x2  
  187  12:13  Hydralisk  
  187  12:14  Hydralisk x8  
  199  12:21  Zerg Ground Armor Level 3  
  170  12:56  Roach x5  
  170  12:57  Viper x7, Roach x3  
  170  12:58  Viper  
  197  13:03  Roach  
  197  13:04  Overlord x2  
  199  13:22  Drone  
  199  13:23  Overlord  
  200  13:29  Greater Spire  
  200  13:39  Zerg Melee Weapons Level 1  
  200  14:05  Overseer  
  200  14:06  Overseer  
  200  14:18  Hatchery  
  199  14:30  Ravager  
  132  14:58  Roach x7  
  132  14:59  Roach x18  
  150  15:00  Roach  
  150  15:03  Roach  
  150  15:04  Roach x14  
  171  15:18  Drone x3, Queen x2  
  171  15:19  Queen x2  
  171  15:20  Extractor  
  181  15:22  Extractor  
  176  15:47  Ravager  
  176  15:49  Ravager  
  178  15:50  Ravager  
  178  15:51  Ravager x4  
  178  15:52  Ravager x3  
  186  16:05  Hatchery  
  186  16:06  Extractor  
  186  16:08  Extractor  
  186  16:11  Corruptor x3  
  183  16:12  Corruptor x5  
  183  16:13  Overlord  
  183  16:14  Overlord x2  
  183  16:16  Zerg Flyer Armor Level 1  
  136  16:46  Brood Lord  
  110  16:47  Brood Lord x7  
  110  16:48  Corruptor  
  110  16:49  Corruptor x11  
  110  16:51  Zergling x4  
  110  16:52  Zergling x26  
  163  18:08  Zerg Melee Weapons Level 2  
  163  18:26  Corruptor  
  163  18:27  Corruptor x16  
  163  18:28  Corruptor  
  160  18:56  Drone x3  
  160  18:57  Drone x3  
  160  18:58  Drone x2  
  160  18:59  Drone x5  
  160  19:00  Drone, Corruptor x6  
  160  19:01  Corruptor x3  
  186  19:09  Corruptor  
  160  19:27  Zergling x2  
  160  19:28  Zergling x24  
  173  19:31  Brood Lord  
  173  19:33  Brood Lord x2  
  173  19:37  Zerg Flyer Weapons Level 1  
  177  19:49  Zergling x2  
  177  19:50  Zergling x34  
  193  19:53  Brood Lord x3  
  193  19:59  Adrenal Glands  
  199  20:19  Extractor, Hatchery  
  197  20:23  Extractor  
  179  20:46  Zerg Melee Weapons Level 3  
  131  21:04  Corruptor  
  131  21:05  Corruptor x13  
  151  21:20  Zergling x8  
  151  21:21  Zergling x20  
  145  21:41  Brood Lord  
  145  21:42  Brood Lord x2  
  145  21:43  Brood Lord  
  145  21:46  Drone x3  
  157  21:47  Zergling x16  
  157  21:48  Zergling x6  
  157  21:52  Zerg Flyer Armor Level 2  
  167  22:20  Corruptor, Brood Lord x3  
  167  22:21  Corruptor x6  
  187  22:45  Extractor  
  187  22:47  Extractor  
  187  22:48  Hatchery  
  135  23:07  Viper x3  
  135  23:08  Viper x2  
  135  23:12  Zergling x2  
  135  23:13  Zergling x28  
  135  23:14  Zergling x8  
  152  23:20  Zergling x24  
  152  23:21  Zergling x20  
  173  23:31  Brood Lord  
  173  23:32  Brood Lord  
  173  23:33  Brood Lord x2  
  181  23:36  Zergling x16  
  71  25:00  Zergling x20  
  71  25:01  Zergling x4  
  71  25:03  Roach x13  
  71  25:04  Roach x5  
  116  25:16  Roach x2  
  116  25:17  Roach x2  
  116  25:21  Extractor, Hatchery  
  110  25:26  Extractor  
  110  25:27  Extractor, Hatchery  
  91  25:30  Extractor  
  91  25:31  Roach  
  91  25:32  Roach x5  
Tags
 
Composition
Mech
Matchup
TvZ
Spawn Locations
Cross Positions
Add a new tag
Caveats
  • Supply blocks, unpowered buildings, or Contaminate may cause inaccurate times.
  • Supply counts are checked every 10 seconds.